 Dungeon Crawl Stone Soup version 0.20-a0-839-gdaf5c57 (webtiles) character file.

81 4thArraOfDagon the Skirmisher (level 4, 0/35 HPs)
             Began as a Mummy Wanderer on Mar 8, 2017.
             Slain by a hound (1 damage)
             ... on level 4 of the Dungeon.
             The game lasted 00:04:07 (708 turns).

4thArraOfDagon the Skirmisher (Mummy Wanderer)       Turns: 708, Time: 00:04:07

Health: 0/35       AC:  6    Str: 15    XL:     4   Next: 19%
Magic:  0/6        EV: 10    Int: 12    God:
Gold:   58         SH:  0    Dex: 11    Spells: 4/5 levels left

rFire    x . .     SeeInvis .   b - +0 hand axe
rCold    + . .     Gourm    .   k - +0 ring mail
rNeg     + + +     Faith    .   (no shield)
rPois    ∞         Spirit   .   (no helmet)
rElec    .         Reflect  .   (no cloak)
rCorr    .         Harm     .   (no gloves)
MR       .....                  n - +0 pair of boots
Stlth    +.........             (no amulet)
Regen    0.2/turn               (no ring)
MPRegen  0.1/turn               (no ring)

@: very slightly contaminated
A: no food or potions, fire vulnerability, cold resistance 1, negative energy
resistance 3, torment resistance, unbreathing
a: no special abilities


You were on level 4 of the Dungeon.
You were not hungry.

You visited 1 branch of the dungeon, and saw 4 of its levels.

You collected 58 gold pieces.

Inventory:

Hand Weapons
 b - a +0 hand axe (weapon)
Armour
 d - a +0 robe
 k - a +0 ring mail (worn)
 n - a +0 pair of boots (worn)
Scrolls
 c - a scroll of teleportation
 e - 7 scrolls of identify {unknown}
 f - a scroll of fear {unknown}
 h - a scroll of blinking {unknown}
 j - a scroll of recharging {unknown}
 l - a scroll of enchant armour {unknown}
 m - a scroll of remove curse {unknown}
Books
 a - a Young Poisoner's Handbook

   Spells                             Type                      Level
   a - Sting                          Conjuration/Poison           1
   b - Poisonous Vapours              Poison/Air                   2
   c - Mephitic Cloud                 Conjuration/Poison/Air       3
   d - Olgreb's Toxic Radiance        Poison                       4
   e - Venom Bolt                     Conjuration/Poison           5


   Skills:
 - Level 3.0 Fighting
 - Level 1.0 Axes
 - Level 1.0 Armour
   Level 1.0 Shields
 - Level 1.3 Spellcasting
 * Level 2.1 Conjurations
   Level 1.0 Translocations
 * Level 2.4 Poison Magic
   Level 1.0 Evocations


You had 4 spell levels left.
You knew the following spells:

 Your Spells              Type           Power        Failure   Level  Hunger
a - Sting                 Conj/Pois      #...         24%         1    N/A

Dungeon Overview and Level Annotations

Branches:
Dungeon (4/15)
 Temple: D:4-7

Altars:
Sif Muna


Innate Abilities, Weirdness & Mutations

You do not eat or drink.
Your flesh is vulnerable to fire.
You are immune to poison.
Your flesh is cold resistant. (rC+)
You are immune to negative energy. (rN+++)
You are immune to unholy pain and torment.
You can survive without breathing.


Message History

Press: ? - help, Shift-Dir - straight line, f/p - hound
Aim: a hound (moderately wounded)
You miscast Sting.
Your skin glows momentarily.
The hound barely misses you. The hound bites you.
* * * LOW HITPOINT WARNING * * *
Unknown command.
Casting: Sting
Confirm with . or Enter, or press ? or * to list all spells.
Aiming: Sting
Press: ? - help, Shift-Dir - straight line, f/p - hound
Aim: a hound (moderately wounded)
The sting hits the hound.
The hound appears unharmed.
The hound is moderately wounded.
The hound bites you but does no damage.
Unknown command.
As you read the scroll labeled KEITZA ITHREULE, it crumbles to dust.
The scroll dissolves into smoke.
It was a scroll of fog.
The hound bites you.
* * * LOW HITPOINT WARNING * * *
The hound bites you.
You die...

..# ##.#. ### <.####
##..... ..##..... ...s
#/###......# ...
..........# #..
........# # #.?
#.#....###
....#..######.<.......
#....lh@§§..##>#.###
.......######## #
#####.# #. #


You could see an iguana and a hound.

Vanquished Creatures
  Jessica (D:3)
  An adder (D:3)
  2 dart slugs
  3 orcs (D:3)
  2 giant cockroaches (D:1)
  4 goblins
  2 hobgoblins (D:2)
  9 jackals
  4 bats
  3 frilled lizards (D:1)
  3 kobolds
  3 rats
37 creatures vanquished.

Vanquished Creatures (others)
  5 toadstools (D:1)
5 creatures vanquished.

Grand Total: 42 creatures vanquished

Notes
Turn   | Place    | Note
-------+----------+-------------------------------------------
     0 | D:1      | 4thArraOfDagon the Mummy Wanderer began the quest for the Orb.
     0 | D:1      | 4thArraOfDagon set off with: a Young Poisoner's Handbook, a +0 hand axe, a scroll of teleportation, a +0 robe
     0 | D:1      | Reached XP level 1. HP: 18/18 MP: 2/2
     5 | D:1      | Learned a level 1 spell: Sting
   101 | D:2      | Reached XP level 2. HP: 20/24 MP: 0/4
   192 | D:1      | Reached skill level 1 in Conjurations
   272 | D:2      | Found a deep blue altar of Sif Muna.
   407 | D:2      | Reached XP level 3. HP: 15/29 MP: 5/5
   594 | D:3      | Noticed Jessica
   619 | D:3      | Killed Jessica
   619 | D:3      | Reached XP level 4. HP: 11/35 MP: 1/6
   708 | D:4      | HP: 1/35 [hound (2)]
   708 | D:4      | Slain by a hound

Vault maps used:
D:1:      ldierk_walled_garden
D:2:      old_standard_altar
D:3:      portal_sewer_entry_b, trog_three_pillars_becter, uniq_robin,
          uniq_jessica
D:4:      gammafunk_temple_overflow_claw, kennysheep_mini, first_bread

Skill      XL: |  1  2  3 |
---------------+----------+-----
Conjurations   | 1 2 |  2.1
Poison Magic   | 2 |  2.4
Fighting       | |  3.0
Axes           | |  1.0
Armour         | |  1.0
Shields        | |  1.0
Spellcasting   | |  1.3
Translocations | |  1.0
Evocations     | |  1.0

Action                   |  1- 3 |  4- 6 || total
-------------------------+-------+-------++-------
Melee: Hand axe          |    95 |     9 ||   104
Throw: Throwing net      |       |     2 ||     2
 Cast: Sting             |    25 |     6 ||    31
  Use: Scroll            |       |     1 ||     1
 Stab: Held in net/web   |       |     1 ||     1
Armor: Robe              |    14 |       ||    14
       Ring mail         |    11 |     3 ||    14
Dodge: Dodged            |    77 |    10 ||    87
